Arrhythmia, lawful female dwarven Valkyrie ----- |...-- ---....| --. ----- ------- |....).--------.-----..... .....|------- --- ---.---........).(|...|... ....|!=?|..| .. |...| -----------%....-..- ...|`*+|..| . ---.--- --.--%.|...|..| -..|...|..|-|--- -- |...| --.........--..| |..--|--.|..... .. |.--- |..............| -....@........-..-- |.| | |............|---- |........+........| |.| |-....--.....|(((|+------..{..........-...| |.| .........+...|(((|................@...| |.| -.....|..|...|...--+-.....--%|..-...-.----- ------- ---- |.| -....----...--|-- |..-|-|...%...G...........................- |.| ......|........| |..|..|----......------- ------- ------ |.-- #......|..#.....----..|..|..@-....|u..@..| |..--- # **....|-....{........|..|`%.|...%-.@.(_.| |...<| *00[...--..|....#.....--------...........| |....| # |.......|-........................----- --.--- --------------------- | -----..| --- ---- Arrhythmia the Fighter Experience level: 8 Strength: 14 Dexterity: 17 Constitution: 16 Intelligence: 11 Wisdom: 7 Charisma: 10 Health: 0(61) Energy: 0(0) AC: -1 Gold: 350 Moves: 4224 Your Inventory: Coins $ - 350 gold pieces Weapons a - the blessed rustproof +1 Excalibur (weapon in hand) b - an uncursed +0 dagger N - an [uncursed +0 thirsty] arrow Armor c - an uncursed +3 small shield (being worn) k - an [uncursed] +0 pair of high boots (being worn) l - an [uncursed] +0 cloak of protection (being worn) H - an [uncursed] +0 pair of jungle boots [water walking] Spellbooks J - an [uncursed] cloth spellbook [of create monster] Potions L - an [uncursed] fizzy potion [of hallucination] Wands O - an [uncursed] long wand [of speed monster (0:5)] Z - an [uncursed] alabaster wand [of polymorph (0:6)] Tools r - 3 [uncursed tallow] candles w - an [uncursed] looking glass [mirror] y - an [uncursed] towel B - 32 [uncursed wax] candles C - an [uncursed] tinning kit [0:69] D - an [uncursed] key [skeleton key] G - an [uncursed +0] pick-axe K - an [uncursed] bag [sack] S - an [uncursed] bag [of holding] Gems j - 2 [uncursed] red gems [jasper] F - 2 [uncursed] yellow gems [worthless glass] I - an [uncursed] green gem [worthless glass] M - an [uncursed] violet gem [worthless glass] Q - an [uncursed] gray stone [touchstone] U - 2 [uncursed] yellowish brown gems [worthless glass] Contents of the sack: 2 uncursed food rations an [uncursed] tripe ration a [cursed] scroll labeled AQUE BRAGH [of enchant weapon] a [blessed] scroll labeled DAIYEN FOOELS [of remove curse] a [cursed] scroll labeled ETAOIN SHRDLU [of charging] an [uncursed] scroll labeled GNIK SISI VLE [of fire] 2 [uncursed] scrolls labeled MAPIRO MAHAMA DIROMAT [of light] a [blessed] scroll labeled MAPIRO MAHAMA DIROMAT [of light] an [uncursed] scroll labeled VENZAR BORGAVVE [of destroy armor] 3 [uncursed] unlabeled scrolls [of blank paper] a [cursed] brown potion [of healing] a [cursed] dark potion [of enlightenment] a [cursed] emerald potion [of paralysis] an [uncursed] emerald potion [of paralysis] an [uncursed] greasy potion [of booze] a [cursed] pink potion [of sickness] an [uncursed] potion of speed a [blessed] silver potion [of acid] 2 [uncursed] sky blue potions [of object detection] a [cursed] sparkling potion [of levitation] an [uncursed] sparkling potion [of levitation] a [cursed] yellow potion [of blindness] an [uncursed] yellow potion [of blindness] an [uncursed] ceramic ring [of invisibility] a [cursed] ivory ring [of polymorph] an [uncursed] mithril ring [of stealth] an [uncursed -3] tiger eye ring [of adornment] an [uncursed] zinc wand [of striking (0:5)] Spells known in the end: Name Level Category Fail Memory Your skills at the end: Fighting Skills shield [Basic / Expert] Weapon Skills dagger [Basic / Expert] long sword [Skilled / Expert] Spellcasting Skills Final Attributes: You were piously aligned. Hunger level was 1129. Your alignment was 31 / 31. Monster difficulty range was 1 - 8. Level difficulty was 8. You were immune to cold. You resisted poison. You were immune to level-drain. You were telepathic. You had automatic searching. You had infravision. You were stealthy. You were fast. Your luck was zero. You are dead. Vanquished creatures: a ghost a leather golem 2 giant beetles a horse a dwarf mummy 3 Green-elves a housecat an ape a bugbear a mountain nymph 2 gnome lords a gray ooze a paper golem 2 wax golems 9 giant ants 4 floating eyes a kitten 2 dwarves a homunculus a centipede a giant bat 2 monkeys 2 dwarf zombies a wererat a werejackal 2 iguanas 7 killer bees an acid blob 2 coyotes a gas spore 4 hobbits 2 manes 2 large kobolds a hobgoblin a giant rat a cave spider a brown mold a yellow mold 26 gnomes a gnome zombie 2 geckos 10 jackals a fox 2 kobolds a grid bug a bat 2 lichens 4 newts 120 creatures vanquished. Voluntary challenges: You were an atheist. You were illiterate. You used a wielded weapon 147 times. You put on armor 6 times. You never genocided any monsters. You never polymorphed an object. You never changed form. You used no wishes. You never wrote Elbereth's name. You encountered 1 bones level. You never used any Sokoban shortcuts. Dungeon overview: The Dungeons of Doom: levels 1 to 7 Level 1 a long staircase Level 3 an armor shop Level 4 a potion shop stairs to The Gnomish Mines Level 6 a fountain Level 7 a general store The Gnomish Mines: levels 5 to 8 Level 5 stairs to The Dungeons of Doom Level 8 <- You were here some shops, a temple, a magic chest, some fountains, some trees History has recorded: On T:1 you entered the Dungeons of Doom to retrieve the Amulet of Yendor! On T:409 you reached level 2 of The Dungeons of Doom. On T:514 you advanced to experience level 2. On T:747 you advanced to experience level 3. On T:793 you reached level 3 of The Dungeons of Doom. On T:1064 you advanced to experience level 4. On T:1245 you advanced to experience level 5. On T:1373 you reached level 4 of The Dungeons of Doom. On T:1689 you reached level 5 of The Dungeons of Doom. On T:1978 you advanced to experience level 6. On T:2020 you reached level 6 of The Dungeons of Doom. On T:2395 you reached level 7 of The Dungeons of Doom. On T:2541 you advanced to experience level 7. On T:3030 you reached level 1 of The Gnomish Mines. On T:3473 you advanced to experience level 8. On T:3691 you reached level 2 of The Gnomish Mines. On T:3724 you reached level 3 of The Gnomish Mines. On T:4078 you reached level 4 of The Gnomish Mines. Latest messages: [HP-7=8] You kill the Green-elf! There are several objects here. The priestess of Loki intones: "Pilgrim, you enter a sacred place!" You have a strange forbidding feeling... [HP+1=9] There are several objects here. The priestess of Loki intones: "Pilgrim, you enter a sacred place!" You have a strange forbidding feeling... The horse kicks! The horse bites! [HP-5=4] The horse kicks! The horse misses. The horse just misses! The horse misses. [HP-3=1] You hit the horse! The horse misses. The horse bites! You die... The bag of holding is empty. Final status: Farvel Arrhythmia the Valkyrie... You died in The Gnomish Mines on dungeon level 8 with 6437 points, and 350 pieces of gold, after 4224 moves. You were level 8 with a maximum of 61 hit points when you died.